 Dungeon Crawl Stone Soup version 0.17-a0-1942-g46ae386 (webtiles) character file.

9115 Holeefuk the Carver (level 11, -2/89 HPs)
             Began as a Formicid Fighter on Sept 30, 2015.
             Was a Priest of the Shining One.
             Slain by a black mamba (3 damage)
             ... on level 4 of the Lair of Beasts.
             The game lasted 00:47:55 (11807 turns).

Holeefuk the Carver (Formicid Fighter)             Turns: 11807, Time: 00:47:57

Health: -2/89      AC: 17    Str: 24    XL:     11   Next: 68%
Magic:  11/11      EV: 12    Int:  8    God:    the Shining One [***...]
Gold:   739        SH: 12    Dex: 10    Spells: 0 memorised, 10 levels left

rFire  . . .     SeeInvis +     p - +0 falchion (protect)
rCold  . . .     Clarity  .     b - +0 scale mail
rNeg   + . .     SustAt   .     c - +0 shield
rPois  +         Gourm    .     (helmet unavailable)
rElec  .         Spirit   .     (no cloak)
rCorr  .         Warding  .     i - +2 pair of gloves
rMut   .         Stasis   +     a - +0 pair of boots
MR     +....                    (no amulet)
Stlth  +.........               w - ring of stealth
                                f - ring of poison resistance

@: lethally poisoned (-2 -> -26), glowing, somewhat resistant to hostile
enchantments, very unstealthy
A: permanent stasis, dig shafts and tunnels, four strong arms, antennae 3
a: Dig, Shaft Self, Divine Shield, Renounce Religion


You were on level 4 of the Lair of Beasts.
You worshipped the Shining One.
The Shining One was most pleased with you.
You were near starving.

You visited 3 branches of the dungeon, and saw 13 of its levels.
You also visited: Sewer and Ossuary.

You collected 739 gold pieces.

Inventory:

Hand weapons
 p - a +0 falchion of protection (weapon)
 B - a +0 long sword
Armour
 a - a +0 pair of boots (worn)
 b - a +0 scale mail (worn)
 c - a +0 shield (worn)
 i - a +2 pair of gloves (worn)
Jewellery
 f - a ring of poison resistance (left hand)
 w - a ring of stealth (right hand)
Magical devices
 y - a wand of cold (4)
 E - a wand of disintegration (9)
Scrolls
 g - 2 scrolls of remove curse {unknown}
 j - 12 scrolls of identify {unknown}
 n - 3 scrolls of enchant armour {unknown}
 o - a scroll of fear {unknown}
 q - 3 scrolls of fog {unknown}
 r - 3 scrolls of teleportation {unknown}
 v - 3 scrolls of magic mapping {unknown}
 x - 3 scrolls of noise {unknown}
 C - 3 scrolls of enchant weapon {unknown}
 D - a scroll of immolation {unknown}
 G - 3 scrolls of blinking {unknown}
 H - 2 scrolls of amnesia {unknown}
 I - a scroll of random uselessness {unknown}
 M - a scroll of summoning {unknown}
Potions
 d - a potion of agility
 h - 3 potions of curing
 k - a potion of haste {unknown}
 l - a potion of mutation {unknown}
 s - a potion of ambrosia {unknown}
 t - 2 potions of might
 u - 2 potions of flight
 A - a potion of invisibility {unknown}
 F - 2 potions of lignification {unknown}
Books
 z - a book of Burglary

   Spells                             Type                      Level
   a - Swiftness                      Charms/Air                   2
   b - Passwall                       Transmutation/Earth          3
   c - Passage of Golubria            Translocation                4
   d - Lee's Rapid Deconstruction     Earth                        5
   e - Darkness                       Hexes                        6
   f - Invisibility                   Hexes                        6
Comestibles
 e - 3 bread rations
 m - 5 meat rations
 J - 3 royal jellies
 L - 4 fruits


   Skills:
 - Level 9.4 Fighting
 - Level 10.0 Long Blades
 - Level 8.0 Armour
 - Level 6.1 Dodging
 * Level 9.7 Shields
 - Level 0.2 Evocations


You had 10 spell levels left.
You didn't know any spells.

Dungeon Overview and Level Annotations

Branches:
Dungeon (9/15)             Temple (1/1) D:5            Lair (4/8) D:9
 Spider (0/4) Lair:4
  Swamp: Lair:3-6    Shoals: Lair:3-6       Orc: D:9-12

Altars:
Ashenzari
Cheibriados
Dithmenos
Elyvilon
Fedhas
Gozag
Kikubaaqudgha
Makhleb
Nemelex Xobeh
Okawaru
Qazlal
Ru
Sif Muna
Trog
Vehumet
Xom
Yredelemnul
Zin
The Shining One

Shops:
D:9 *

Annotations:
D:4 ActionAutist's ghost, average OpCK; Menkaure
D:6 Duvessa


Innate Abilities, Weirdness & Mutations

You are under a permanent stasis effect.
You can dig through walls and to a lower floor.
Your four strong arms can wield two-handed weapons with a shield.
You have a pair of large antennae on your head (SInv).


Message History

The black mamba is moderately wounded.
The black mamba completely misses you.
You closely miss the black mamba.
The black mamba is moderately wounded.
The black mamba bites you.
You are poisoned.
The black mamba poisons you! You block the black mamba's attack.
You closely miss the black mamba.
The black mamba is moderately wounded.
You feel sick. The black mamba bites you!
* * * LOW HITPOINT WARNING * * *
You are lethally poisoned!
The black mamba poisons you!
You hit the black mamba but do no damage.
The black mamba is moderately wounded.
* * * LOW HITPOINT WARNING * * *
You feel sick. The black mamba bites you!
* * * LOW HITPOINT WARNING * * *
The black mamba bites you.
You die...

#..........†#.##.....#
.÷.....##.|††##....#
#.......#..†††...#
.........#...♣...#
#................## ##
...........♣..†♣..# ##...
.........#.......####.....
.........#...♣...# .......
.......##.......@##......≈
.....#.#....###..S.#
#....#.....# #....# .. .
.♣..#....#...# ....
.##.....##...# ... .....
#...# .. #.... ##.... ....
#...#. #.>.. .#


You could see a black mamba.

Vanquished Creatures
  2 spiny frogs
  4 komodo dragons
  A troll (D:9)
  A two-headed ogre (D:8)
  12 yaks
  3 hippogriffs
  A wolf (D:9)
  Edmund (D:3)
  A water moccasin (Lair:1)
  A wasp (D:9)
  10 porcupines
  Purgy (Sewer)
  A black bear (D:8)
  An orc warrior (D:8)
  A sky beast (D:5)
  2 ice beasts
  3 centaurs
  A big kobold (D:8)
  A crocodile (D:8)
  3 ogres
  3 elf zombies (Ossuary)
  5 giant frogs
  A scorpion (D:5)
  Dowan (D:6)
  5 killer bees (D:9)
  4 crimson imps
  4 wights (D:8)
  A centaur zombie (D:5)
  5 hounds
  3 orc wizards
  A giant frog zombie (D:8)
  An orc priest (D:6)
  4 iguanas
  Terence (D:2)
  6 worker ants
  4 sheep (Lair:4)
  3 hound zombies (Ossuary)
  4 mummies (Ossuary)
  2 worker ant zombies
  6 adders
  2 gnolls (D:1)
  25 river rats
  2 shadow imps (D:7)
  An ooze (D:2)
  3 adder zombies
  2 adder skeletons
  8 worms
  3 giant geckos
  27 orcs
  3 ball pythons
  9 bats
  3 giant cockroaches
  8 goblins
  2 hobgoblins
  30 jackals
  5 quokkas
  8 giant newts
  A gnoll zombie (Ossuary)
  A goblin zombie (Ossuary)
  A jackal skeleton (D:8)
  7 kobolds
  A quokka zombie (D:6)
  11 rats
  2 rat zombies (Ossuary)
  A fungus (D:9)
281 creatures vanquished.

Vanquished Creatures (others)
  A troll (D:9)
  An orc wizard (D:9)
  A worker ant (D:9)
  An orc zombie (Ossuary)
  A rat zombie (Ossuary)
  12 plants
17 creatures vanquished.

Grand Total: 298 creatures vanquished

Notes
Turn   | Place    | Note
--------------------------------------------------------------
     0 | D:1      | Holeefuk the Formicid Fighter began the quest for the Orb.
     0 | D:1      | Reached XP level 1. HP: 18/18 MP: 1/1
   103 | D:1      | Reached skill level 1 in Dodging
   231 | D:1      | Reached XP level 2. HP: 24/24 MP: 2/2
   450 | D:1      | Reached XP level 3. HP: 27/29 MP: 3/3
   724 | D:2      | Noticed Terence
   968 | D:2      | Found a deep blue altar of Sif Muna.
  1002 | D:2      | Reached XP level 4. HP: 26/35 MP: 4/4
  1119 | D:2      | Reached skill level 4 in Shields
  1825 | D:3      | Reached XP level 5. HP: 41/41 MP: 5/5
  1833 | D:3      | Found a snail-covered altar of Cheibriados.
  2162 | D:2      | Killed Terence
  2632 | D:4      | Noticed Edmund
  2732 | D:4      | Noticed ActionAutist's ghost (average OpCK)
  2886 | D:4      | Reached XP level 6. HP: 45/48 MP: 6/6
  2933 | D:4      | Noticed Menkaure
  3473 | D:5      | Entered Level 5 of the Dungeon
  3521 | D:5      | Reached skill level 5 in Long Blades
  3523 | D:5      | Found a glowing drain.
  3807 | Sewer    | Entered a sewer
  3864 | Sewer    | Noticed Purgy
  3883 | Sewer    | Killed Purgy
  3883 | Sewer    | Reached skill level 5 in Fighting
  3883 | Sewer    | Reached XP level 7. HP: 42/56 MP: 7/7
  4065 | D:5      | Found a staircase to the Ecumenical Temple.
  4070 | Temple   | Entered the Ecumenical Temple
  4227 | Temple   | Became a worshipper of the Shining One
  4266 | D:5      | Found an iron altar of Okawaru.
  4853 | D:5      | Noticed a sky beast
  4874 | D:5      | Killed a sky beast
  5042 | D:6      | Reached skill level 5 in Armour
  5104 | D:6      | Reached XP level 8. HP: 58/62 MP: 8/8
  5123 | D:6      | Noticed Dowan
  5124 | D:6      | Noticed Duvessa
  5606 | D:6      | Killed Dowan
  5606 | D:6      | Reached skill level 6 in Long Blades
  5966 | D:6      | Acquired the Shining One's first power
  6120 | D:7      | Found a sand-covered staircase.
  6291 | Ossuary  | Entered an ossuary
  6323 | Ossuary  | Reached skill level 5 in Shields
  6364 | Ossuary  | Acquired the Shining One's second power
  6492 | Ossuary  | Reached XP level 9. HP: 51/68 MP: 9/9
  6660 | D:7      | Reached skill level 7 in Long Blades
  7168 | D:8      | Reached skill level 8 in Long Blades
  7322 | D:8      | Reached skill level 9 in Long Blades
  7727 | D:9      | Noticed a troll
  7789 | D:9      | Killed a troll
  7845 | D:9      | Reached XP level 10. HP: 70/77 MP: 10/10
  8260 | D:3      | Killed Edmund
  8468 | D:4      | Found a stormy altar of Qazlal.
  8562 | D:8      | Reached skill level 10 in Long Blades
  8580 | D:9      | Found a staircase to the Lair.
  9089 | D:9      | Found a shimmering altar of Xom.
  9164 | D:9      | Found Zin's Purification Station.
  9167 | D:9      | Found a glowing silver altar of Zin.
  9263 | D:9      | Killed a troll
  9274 | D:9      | Reached XP level 11. HP: 62/87 MP: 11/11
  9532 | D:9      | Found an opulent altar of Gozag.
  9894 | Lair:1   | Entered Level 1 of the Lair of Beasts
 10088 | Lair:1   | Reached skill level 5 in Dodging
 10327 | D:9      | HP: 2/87 [spiny frog (13)]
 10338 | D:9      | Upgraded the game from 0.17-a0-1939-ga475588 to 0.17-a0-1942-g46ae386
 10675 | Lair:1   | Noticed a five-headed hydra
 11126 | Lair:2   | You fall through a shaft for 2 floors!
 11325 | Lair:4   | HP: 3/89 [komodo dragon (14)]
 11634 | Lair:4   | Found a hole to the Spider Nest.
 11807 | Lair:4   | HP: 1/89 [black mamba (12)]
 11807 | Lair:4   | Slain by a black mamba

Vault maps used:
D:1:      eino_arrival_tree_alley
D:2:      nicolae_overflow_crystal_walls, first_bread, uniq_terence
D:3:      lemuel_coloured_pillars_altar
D:4:      nicolae_overflow_hidden_temple, uniq_edmund, uniq_menkaure
D:5:      lemuel_doored_altar, temple_doors_e, portal_sewer_entry_b
D:6:      uniq_duvessa
D:7:      enter_ossuary_1
D:9:      kennysheep_mini, zin_purify, xom_confusion_cloud,
          minmay_lair_entry_grove
Temple:   triangle_lava_temple_12
Lair:1:   beast_lair_carwin_4, serial_bayou_shore_b
Lair:2:   grunt_megastairs_3
Lair:4:   dummy_spider_entry, grunt_megastairs_4
Sewer:    sewer_co_purgy_island
Ossuary:  ossuary_minmay_tomb_2a

Action                   |  1- 3 |  4- 6 |  7- 9 | 10-12 || total
-------------------------+-------+-------+-------+-------++-------
Melee: Long sword        |   127 |    92 |       |    16 ||   235
       Falchion          |       |   214 |   711 |   640 ||  1565
       Unarmed           |       |     5 |       |       ||     5
 Abil: Dig               |       |     5 |     7 |    15 ||    27
Evoke: Wand              |       |       |       |     3 ||     3
  Use: Potion            |       |     1 |       |     5 ||     6
  Eat: Chunk             |     1 |     7 |    13 |    13 ||    34
       Beef jerky        |       |     1 |       |     1 ||     2
       Pizza             |       |     1 |       |       ||     1
